 Dungeon Crawl Stone Soup version 0.16.2-14-g7133f4a77c (webtiles) character file.

54 faibistes the Magician (level 3, -1/19 HPs)
             Began as a Deep Elf Wizard on Sept 14, 2021.
             Killed by divine providence
             ... invoked by an orc priest
              (8 damage)
             ... on level 3 of the Dungeon.
             The game lasted 00:04:10 (2420 turns).

faibistes the Magician (Deep Elf Wizard)            Turns: 2420, Time: 00:04:10

Health: -1/19      AC:  2    Str:  4    XL:     3   Next: 66%
Magic:  10/15      EV: 12    Int: 23    God:
Gold:   80         SH:  0    Dex: 13    Spells: 6 memorised, 1 level left

rFire  . . .     SeeInvis .     i - +0 dagger
rCold  . . .     Clarity  .     a - +0 robe
rNeg   . . .     SustAb   .     (no shield)
rPois  .         Gourm    .     b - +0 hat
rElec  .         Spirit   .     (no cloak)
rCorr  .         Warding  .     (no gloves)
rMut   .         Stasis   .     (no boots)
MR     .....                    (no amulet)
Stlth  ++........               (no ring)
                                (no ring)

@: repel missiles, not resistant to hostile enchantments, unstealthy
A: no striking features
a: no special abilities


You were on level 3 of the Dungeon.
You were not hungry.

You visited 1 branch of the dungeon, and saw 3 of its levels.

You collected 80 gold pieces.

Inventory:

Hand weapons
 i - a +0 dagger (weapon)
Armour
 a - a +0 robe (worn)
 b - a +0 hat (worn)
Magical devices
 p - a wand of confusion (26)
 q - a wand of enslavement (13)
Scrolls
 e - a scroll of teleportation {unknown}
 g - 2 scrolls of identify {unknown}
 k - 2 scrolls of remove curse {unknown}
Potions
 h - a potion of restore abilities {unknown}
 m - a potion of might {unknown}
 n - a potion of curing {unknown}
Books
 c - a book of Minor Magic

   Spells                             Type                      Level
   a - Magic Dart                     Conjuration                  1
   b - Blink                          Translocation                2
   c - Call Imp                       Summoning                    2
   d - Repel Missiles                 Charms/Air                   2
   e - Slow                           Hexes                        2
   f - Conjure Flame                  Conjuration/Fire             3
   g - Mephitic Cloud                 Conjuration/Poison/Air       3
 o - a book of Ice

   Spells                             Type                      Level
   a - Ice Form                       Ice/Transmutation            4
   b - Metabolic Englaciation         Hexes/Ice                    5
   c - Ozocubu's Refrigeration        Ice                          6
   d - Bolt of Cold                   Conjuration/Ice              6
   e - Freezing Cloud                 Conjuration/Ice/Air          6
   f - Simulacrum                     Ice/Necromancy               6
Comestibles
 d - 2 bread rations
 f - 8 fruits
 j - 3 beef jerkies
 l - a meat ration
 r - a chunk of flesh


   Skills:
 + Level 2.5 Dodging
 - Level 2.4 Stealth
 * Level 6.1 Spellcasting
 * Level 1.9 Conjurations
 + Level 1.1 Summonings
 + Level 1.1 Translocations


You had one spell level left.
You knew the following spells:

 Your Spells              Type           Power        Failure   Level  Hunger
a - Magic Dart            Conj           ###.         4%          1    None
b - Conjure Flame         Conj/Fire      ##......     21%         3    #......
c - Call Imp              Summ           ##......     10%         2    None
d - Blink                 Tloc           N/A          10%         2    None
e - Mephitic Cloud        Conj/Pois/Air  #.......     21%         3    #......
f - Repel Missiles        Chrm/Air       #.....       14%         2    None


Dungeon Overview and Level Annotations

Branches:
Dungeon (3/15)

Altars:
Zin


Message History

Confirm with . or Enter, or press ? or * to list all spells.
Aiming: Magic Dart
Press: ? - help, Shift-Dir - straight line, f/p - orc
Aim: an orc, wielding a morningstar and wearing a scale mail (heavily wounded)
The magic dart hits the orc.
The orc is heavily wounded.
The orc priest shouts!
The orc priest mumbles some strange prayers to Beogh against you.
Something smites you!
Ouch! That really hurt!
Unknown command.
Casting: Magic Dart
Confirm with . or Enter, or press ? or * to list all spells.
Aiming: Mephitic Cloud
Press: ? - help, Shift-Dir - straight line, f - orc, p - orc
Aim: an orc, wielding a flail The ball explodes into a vile cloud!
The stinking cloud engulfs the orc.
The orc priest calls down the wrath of Beogh upon you.
Something smites you!
You die...

........#...#.#.#.#
.........#...#.#.#.#
..........#...#.#.#.# #
..........#...#.#.#.#.####
................#.#........
............................
......#.#..(.<..#.#.#.#.###
.......#'######.##.#.#
...........@.......#..
#...#....§§####.##.###.
#....o§# ....... .# #......#
.....## . #..oo..# #.....# .
#o.....# .....# .......=.o#
. ....o###.... ..... ......


You could see 2 orc priests and 3 orcs.

Vanquished Creatures
  2 worms
  2 giant geckos (D:1)
  6 bats
  3 giant cockroaches
  3 goblins (D:1)
  3 hobgoblins
  4 jackals (D:1)
  4 kobolds
  A giant newt (D:1)
  7 rats
35 creatures vanquished.

Vanquished Creatures (collateral kills)
  A worm (D:2)
1 creature vanquished.

Grand Total: 36 creatures vanquished

Notes
Turn   | Place    | Note
--------------------------------------------------------------
     0 | D:1      | faibistes, the Deep Elf Wizard, began the quest for the Orb.
     0 | D:1      | Reached XP level 1. HP: 10/10 MP: 6/6
   282 | D:1      | Reached skill level 5 in Spellcasting
   346 | D:1      | Reached XP level 2. HP: 15/15 MP: 8/11
   522 | D:1      | Learned a level 2 spell: Blink
   525 | D:1      | Learned a level 2 spell: Call Imp
  1200 | D:2      | Reached XP level 3. HP: 19/19 MP: 6/14
  1205 | D:2      | Learned a level 3 spell: Conjure Flame
  1209 | D:2      | Learned a level 3 spell: Mephitic Cloud
  1808 | D:2      | Reached skill level 6 in Spellcasting
  2074 | D:2      | Found a glowing silver altar of Zin.
  2262 | D:2      | Learned a level 2 spell: Repel Missiles
  2420 | D:3      | Killed from afar by an orc priest

Action                   || total
-------------------------++-------
 Cast: Magic Dart        ||    93
       Call Imp          ||     2
       Conjure Flame     ||     3
       Mephitic Cloud    ||     3
       Repel Missiles    ||     1
  Eat: Chunk             ||     4
